Map: World of Sleepers LE

Players

setsuna

  • Race: Terran Terran
  • League: Diamond
  • Spawn Location: 1:00

ViBE - Winner!

  • Race: Terran Terran
  • League: Diamond
  • Spawn Location: 7:00

VOD

Have the link to the VOD?

Description

Time

  • Played on: Dec. 23, 2019, 6:48 a.m.
  • Length: 9:28
Show
View Real Time Build Order
Export as new Build Order

setsuna Terran 

Build Orders: 1/1/1 

Get SALT Encoding   

  12  0:01  SCV  
  13  0:13  SCV  
  14  0:17  Supply Depot  
  14  0:25  SCV  
  15  0:38  SCV  
  15  0:40  Barracks  
  16  0:48  Refinery  
  16  0:50  SCV  
  16  0:56  Refinery  
  17  1:03  SCV  
  18  1:15  SCV  
  19  1:28  Orbital Command  
  19  1:29  Supply Depot  
  19  1:36  Factory  
  19  1:46  Reaper  
  20  1:54  Barracks  
  20  1:58  SCV  
  21  2:10  SCV  
  22  2:22  Factory Reactor  
  22  2:23  SCV, Starport, Barracks Tech Lab  
  23  2:36  SCV  
  24  2:57  Barracks Reactor, Stimpack, Marauder  
  26  3:01  Supply Depot  
  26  3:10  SCV  
  27  3:15  Medivac  
  29  3:29  Marauder  
  30  3:38  Marine  
  30  3:39  Marine  
  30  3:40  Medivac  
  30  3:41  SCV  
  35  3:43  Supply Depot  
  36  3:56  Marine x2  
  36  3:59  Marauder  
  39  4:05  Supply Depot  
  39  4:10  Medivac  
  39  4:11  Factory Tech Lab  
  39  4:14  Marine x2  
  43  4:20  Marauder  
  45  4:32  Marine x2  
  45  4:37  Concussive Shells  
  47  4:42  SCV, Marauder  
  47  4:43  Supply Depot  
  50  4:50  Marine x2  
  52  4:56  Siege Tank  
  55  5:05  Marauder  
  57  5:07  Marine  
  57  5:08  Marine  
  58  5:26  Marauder  
  55  5:34  Marine x2  
  49  5:37  Medivac  
  49  5:48  Marauder  
  51  5:51  Marine, Medivac  
  51  5:52  Marine  
  55  6:09  Marine x2, Marauder  
  57  6:17  Medivac  
  51  6:27  Marine x2  
  51  6:30  Marauder  
  48  6:42  Siege Tank  
  48  6:45  Marine x2  
  53  6:52  Marauder  
  55  7:03  Marine x2  
  57  7:13  Marauder  
  59  7:20  Marine  
  59  7:21  Marine  
  52  7:26  Medivac x2  
  49  7:35  Marauder  
  51  7:38  Marine x2  
  53  7:55  Siege Tank  
  53  7:56  Marine x2, Marauder  
  60  8:00  Command Center  
  60  8:14  Marine x2  
  62  8:24  Marauder  
  62  8:32  Marine x2  
  49  8:45  Marauder  
  51  8:49  Marine  
  51  8:50  Marine  
  41  9:07  Marine x2, Marauder  
Show
View Real Time Build Order
Export as new Build Order

ViBE Terran - Winner!

Build Orders: Reaper Expand 

Get SALT Encoding   

  12  0:00  SCV  
  13  0:13  SCV  
  14  0:17  Supply Depot  
  14  0:25  SCV  
  15  0:39  SCV  
  15  0:40  Barracks  
  16  0:45  Refinery  
  16  0:51  SCV  
  17  1:03  SCV  
  18  1:15  SCV  
  19  1:29  Reaper, Orbital Command  
  20  1:45  Command Center  
  20  1:57  SCV  
  20  1:58  Supply Depot  
  21  2:10  SCV  
  21  2:15  Factory, Refinery  
  22  2:22  SCV, Barracks Reactor  
  23  2:34  SCV  
  23  3:00  SCV, Marine x2, Factory Tech Lab  
  23  3:02  Starport  
  26  3:12  SCV  
  27  3:15  Orbital Command  
  27  3:20  Siege Tank  
  27  3:24  SCV  
  31  3:30  Marine x2  
  33  3:36  SCV  
  33  3:39  Viking  
  36  3:44  SCV  
  36  3:45  Supply Depot  
  36  3:48  SCV  
  38  3:53  Siege Tank  
  41  3:57  SCV  
  41  4:00  SCV  
  43  4:05  Supply Depot  
  43  4:09  SCV  
  44  4:12  SCV  
  46  4:17  Starport Reactor  
  46  4:21  SCV  
  45  4:24  SCV  
  45  4:28  Command Center  
  46  4:33  SCV  
  46  4:36  SCV  
  48  4:45  SCV  
  49  4:48  SCV, Refinery, Siege Tank  
  49  4:49  Marine x2, Refinery  
  55  4:57  SCV, Supply Depot  
  56  5:00  SCV  
  57  5:07  Supply Depot x2  
  57  5:09  SCV  
  57  5:13  SCV  
  54  5:21  SCV  
  54  5:25  SCV  
  51  5:33  SCV  
  44  5:37  SCV, Marine  
  44  5:38  Marine, Viking, Siege Tank  
  44  5:39  Viking  
  54  5:45  SCV  
  54  5:49  SCV, Orbital Command  
  56  5:56  Barracks x2  
  56  5:58  SCV  
  56  6:01  SCV  
  53  6:10  SCV  
  50  6:13  SCV  
  50  6:18  SCV  
  49  6:22  SCV  
  49  6:25  SCV  
  51  6:30  SCV  
  49  6:34  SCV  
  49  6:37  SCV  
  48  6:42  SCV  
  48  6:46  SCV  
  50  6:47  Barracks Tech Lab  
  50  6:49  SCV  
  50  6:50  Marine x2  
  50  6:51  Siege Tank  
  56  6:58  SCV  
  57  7:01  SCV  
  57  7:04  Viking x2  
  57  7:05  Barracks Tech Lab  
  57  7:06  Stimpack  
  62  7:13  Marine x3  
  65  7:21  Orbital Command  
  58  7:25  SCV x2  
  56  7:32  Siege Tank  
  56  7:33  Marine x4  
  56  7:34  Combat Shield  
  63  7:37  SCV x2  
  65  7:49  SCV x2  
  65  7:51  Engineering Bay x2  
  67  7:54  Marine x4  
  67  7:58  SCV  
  72  8:01  SCV  
  72  8:02  SCV  
  74  8:07  Siege Tank  
  74  8:08  Viking  
  74  8:10  SCV, Viking  
  74  8:11  Marine  
  74  8:12  Marine x2  
  85  8:13  SCV  
  85  8:14  SCV  
  87  8:22  SCV  
  87  8:25  SCV  
  87  8:26  SCV  
  71  8:34  SCV  
  71  8:37  Marine x4  
  71  8:38  SCV x2  
  67  8:46  SCV  
  64  8:50  SCV x2  
  64  8:55  Marine x2  
  63  8:57  Marine x2  
  63  8:58  SCV  
  63  9:02  SCV x2  
  73  9:07  Armory  
  73  9:10  SCV  
  73  9:13  Sensor Tower  
  73  9:14  SCV x2  
Tags
 
Add a new tag
Caveats
  • Supply blocks, unpowered buildings, or Contaminate may cause inaccurate times.
  • Supply counts are checked every 10 seconds.